 Dungeon Crawl Stone Soup version 0.29-a0-577-gafbf2c5d25 (webtiles) character file.

Game seed: 17699163088826595639

32 DocClef the Sneak (level 3, -2/33 HPs)
             Began as a Draconian Delver on June 13, 2022.
             Slain by a river rat (3 damage)
             ... in a sewer.
             The game lasted 00:00:30 (489 turns).

DocClef the Sneak (Draconian Delver)                 Turns: 489, Time: 00:00:31

Health: -2/33      AC:  5    Str: 14    XL:     3   Next: 8%
Magic:  3/3        EV: 12    Int: 10    God:
Gold:   0          SH:  0    Dex: 14    Spells: 2/2 levels left

rFire   . . .      SeeInvis .   a - +0 short sword
rCold   . . .      Faith    .   (no shield)
rNeg    . . .      Spirit   .   (body armour unavailable)
rPois   .          Reflect  .   (helmet restricted)
rElec   .          Harm     .   (no cloak)
rCorr   .          Rampage  .   (no gloves)
Will    .....                   (no boots)
Stlth   +++.......              (no amulet)
HPRegen 0.11/turn               (no ring)
MPRegen 0.08/turn               (no ring)

@: no status effects
A: AC +5, unfitting armour, cold-blooded
a: no special abilities


You were in a sewer.
You visited 1 branch of the dungeon, and saw 1 of its levels.
You also visited: Sewer.

Inventory:

Hand Weapons
 a - a +0 short sword (weapon)
Wands
 f - a wand of digging (3)
Scrolls
 b - a scroll of fog
 c - a scroll of identify {unknown}
 d - a scroll of fear
Potions
 e - a potion of haste


   Skills:
 + Level 3.7 Fighting
 + Level 2.4 Short Blades
 + Level 2.1 Dodging
 + Level 4.8 Stealth


You had 2 spell levels left.
You didn't know any spells.
Your spell library was empty.

Dungeon Overview and Level Annotations

Branches:
Dungeon (5/15)              Sewer (1/1)
 Temple: D:4-7

Altars:


Innate Abilities, Weirdness & Mutations

Your plain brown scales are hard. (AC +5)
You cannot fit into any form of body armour.
You are cold-blooded and may be slowed by cold attacks.


Message History

You are too injured to fight recklessly!
You are too injured to fight recklessly!
You are too injured to fight recklessly!
You are too injured to fight recklessly!
You are too injured to fight recklessly!
You are too injured to fight recklessly!
You are too injured to fight recklessly!
You are too injured to fight recklessly!
Unknown command.
The river rat attacks as you move away! The river rat barely misses you.
The rat attacks as you move away! The rat barely misses you.
The adder bites you but does no damage. x2
You are too injured to fight recklessly!
You are too injured to fight recklessly!
You are too injured to fight recklessly!
You are too injured to fight recklessly!
You are too injured to fight recklessly!
You are too injured to fight recklessly!
You are too injured to fight recklessly!
You are too injured to fight recklessly!
You completely miss the river rat. You tail-slap the river rat.
The river rat is lightly wounded.
The river rat bites you. The adder closely misses you.
The rat twitches its whiskers. x2
The rat closely misses you.
You hit the river rat but do no damage.
The river rat is lightly wounded.
The adder barely misses you. The river rat bites you!
* * * LOW HITPOINT WARNING * * *
The rat barely misses you.
You barely miss the river rat.
The river rat is lightly wounded.
The adder bites you.
* * * LOW HITPOINT WARNING * * *
The river rat barely misses you. The rat misses you.
The adder bites you but does no damage.
You closely miss the river rat.
The river rat is lightly wounded.
The river rat bites you.
You die...

##...≈≈≈≈≈≈≈≈≈.
##....≈≈≈≈≈≈≈≈≈...
#.......≈≈≈≈≈.....
#......≈≈≈≈≈≈.....
#......≈≈≈≈≈≈≈...
##.......≈≈≈r..#
#..÷...≈≈≈≈≈≈#
##.÷....≈r≈..##
####.....@Sr≈...#
#∩###....rr≈≈≈.....
#.###......≈≈.....r
#..#......≈≈≈......
##........≈r≈≈.....
##.......≈≈≈≈.....
##.....r≈≈≈.....r
#.....≈≈≈≈......
......≈≈≈≈


You could see an adder, 2 river rats and 5 rats.

Vanquished Creatures
  A river rat (Sewer)
  An adder (Sewer)
  2 ball pythons
  4 kobolds (Sewer)
  10 rats
18 creatures vanquished.

Notes
Turn   | Place    | Note
-------+----------+-------------------------------------------
     0 | D:5      | DocClef the Draconian Delver began the quest for the Orb.
     0 | D:5      | Reached XP level 1. HP: 19/19 MP: 1/1
     1 | D:5      | Found a glowing drain.
    28 | Sewer    | Entered a sewer
    90 | Sewer    | Reached XP level 2. HP: 13/26 MP: 2/2
   472 | Sewer    | Reached XP level 3. HP: 21/33 MP: 3/3
   488 | Sewer    | HP: 1/33 [adder (3)]
   489 | Sewer    | Slain by a river rat

Illustrated notes

Levels and vault maps discovered:
D:5:      layout_basic, serial_shops, shop_statue, portal_sewer_entry_a,
          minmay_crystal_room
Sewer:    sewer_minmay_treatment

Skill      XL: |  1 |
---------------+----+-----
Dodging        | 2 |  2.1
Fighting       | |  3.7
Short Blades   | |  2.4
Stealth        | |  4.8

Action                   || total
-------------------------++-------
Melee: Short sword       ||    59
       Tailslap          ||     8
  Use: Scroll            ||     1
Armor: Skin              ||    14
Dodge: Dodged            ||    39

Table legend: (Time is in decaauts)
 A = Elapsed time spent in this place.
 B = Non-inter-level travel time spent in this place.
 C = Inter-level travel time spent in this place.
 D = Time resting spent in this place.
 E = Time spent auto-exploring this place.
 F = Levels seen in this place.
 G = Mean time per level.
                   A        B        C        D        E       F      G
               +--------+--------+--------+--------+--------+-----+--------+
         Total |    492 |    492 |      0 |    315 |     76 |   2 |  246.0 |
       Dungeon |     29 |     29 |      0 |      0 |      0 |   1 |   29.0 |
         Sewer |    462 |    462 |      0 |    315 |     76 |   1 |  462.0 |
               +--------+--------+--------+--------+--------+-----+--------+

Top non-repeatable levels by time:
   Sewer: 462 daAuts
     D:5: 29 daAuts
